 Dungeon Crawl Stone Soup version 0.23.2-40-g277498a001 (webtiles) character file.

Game seed: 15323300196092367090

15 OrcJesus the Ogre Mage (level 2, 24/24 HPs)
             Began as an Ogre Wizard on Aug 28, 2019.
             Got out of the dungeon alive.
             The game lasted 00:02:27 (601 turns).

OrcJesus the Ogre Mage (Ogre Wizard)                 Turns: 601, Time: 00:02:28

Health: 24/24      AC:  3    Str: 10    XL:     2   Next: 50%
Magic:  6/6        EV: 10    Int: 19    God:
Gold:   42         SH:  0    Dex:  7    Spells: 3/8 levels left

rFire    . . .     SeeInvis .   f - +2 whip (holy)
rCold    . . .     Gourm    .   (no shield)
rNeg     . . .     Faith    .   a - +0 robe
rPois    .         Spirit   .   b - +0 hat
rElec    .         Reflect  .   (no cloak)
rCorr    .         Harm     .   (gloves unavailable)
MR       .....                  (boots unavailable)
Stlth    +.........             (no amulet)
HPRegen  0.08/turn              (no ring)
MPRegen  0.10/turn              (no ring)

@: no status effects
A: large, unfitting armour, tough skin 1
a: no special abilities


You escaped.
You were not hungry.

You visited 1 branch of the dungeon, and saw 1 of its levels.

You collected 42 gold pieces.

Inventory:

Hand Weapons
 f - a +2 whip of holy wrath (weapon)
Armour
 a - a +0 robe (worn)
 b - a +0 hat (worn)
Scrolls
 e - a scroll of remove curse {unknown}
 g - a scroll of teleportation {unknown}
 h - a scroll of fear {unknown}
Comestibles
 c - a chunk of flesh
 d - 2 rations


   Skills:
 - Level 1.7 Dodging
 - Level 1.4 Stealth
 - Level 3.6 Spellcasting
 + Level 2.2 Conjurations
 - Level 0.8 Summonings
 - Level 0.8 Translocations


You had 3 spell levels left.
You knew the following spells:

 Your Spells              Type           Power        Failure   Level  Hunger
a - Magic Dart            Conj           ##..         6%          1    None
b - Blink                 Tloc           N/A          16%         2    ##.....
c - Call Imp              Summ           #.......     16%         2    ##.....

Your spell library contained the following spells:

 Spells                   Type           Power        Failure   Level  Hunger
 Slow                     Hex            #.......     22%         2    ##.....
 Conjure Flame            Conj/Fire      #.......     26%         3    ###....
 Mephitic Cloud           Conj/Pois/Air  #.......     32%         3    ###....


Dungeon Overview and Level Annotations

Branches:
Dungeon (1/15)

Altars:


Innate Abilities, Weirdness & Mutations

You are too large for most types of armour.
You have tough skin. (AC +1)


Message History

You finish memorising.
Spell assigned to 'c'.
Okay, then.
(D) Dungeon
Where to? (? - help)
Okay, then.
(D) Dungeon
Where to? (? - help)
What level of the Dungeon? (default 1, ? - help)
A goblin and a kobold come into view.
The goblin shouts!
The kobold shouts!
You hear an angry hiss.
There is a stone staircase leading down here.
You can't go up here!
A frilled lizard comes into view.
The frilled lizard moves out of view.
Some of the chunks of flesh in your inventory have rotted away.
Some of the chunks of flesh in your inventory have rotted away.
There is a staircase leading out of the dungeon here.
Are you sure you want to leave the Dungeon?
This will make you lose the game! The goblin hits you but does no damage.
You have escaped!

.........# .#######.# .'...#
#.# .###.# #.# .# #.#
#.#################### .#
#[###.....................
.###.##...................#####
...........................>..#
####..##...l..Kg@........#....#
####.....###############.....#
.........# ##.......## #.....#
.........###.........###.....#
.........##...........##÷....#
........#...÷...(.....÷.#....#
.........##....÷...÷..##.....#
.........###....÷....###.....#
.........# ##.......## #.....#


You could see a goblin, a kobold and a frilled lizard.

Vanquished Creatures
  A leopard gecko (D:1)
  A goblin (D:1)
  A hobgoblin (D:1)
  2 kobolds (D:1)
  12 rats (D:1)
17 creatures vanquished.

Notes
Turn   | Place    | Note
-------+----------+-------------------------------------------
     0 | D:1      | OrcJesus the Ogre Wizard began the quest for the Orb.
     0 | D:1      | Reached XP level 1. HP: 16/16 MP: 5/5
    12 | D:1      | Reached skill level 1 in Conjurations
    57 | D:1      | Reached XP level 2. HP: 5/24 MP: 0/6
   560 | D:1      | Learned a level 2 spell: Blink
   563 | D:1      | Learned a level 2 spell: Call Imp
   601 | D:$      | Got out of the dungeon alive.

Skill      XL: |  1  2 |
---------------+-------+-----
Conjurations   | 1 2 |  2.2
Dodging        | |  1.7
Stealth        | |  1.4
Spellcasting   | |  3.6
Summonings     | |  0.8
Translocations | |  0.8

Action                   || total
-------------------------++-------
Melee: Unarmed           ||    31
 Cast: Magic Dart        ||    26
Armor: Robe              ||    10
Dodge: Dodged            ||    23
